 Dungeon Sprint DCSS version 0.28.0-53-g5a82cb258f (webtiles) character file.

Game seed: 12475106208130028429

8400000 Zeld the Intangible (level 27, -25/185 (228) HPs)
             Began as a Djinni Monk on June 6, 2022.
             Was the Champion of Makhleb.
             Killed from afar by a wretched soul (59 damage)
             ... with a bolt of negative energy
             ... in the Dungeon (Sprint VIII: "Arena of Blood").
             The game lasted 00:01:34 (84 turns).

Zeld the Intangible (Djinni Monk)                     Turns: 84, Time: 00:01:35

HP:   -25/185 (228) AC:  4    Str: 15 (18) XL:     27
Gold: 0             EV: 30    Int: 16      God:    Makhleb [******] SH:  0 Dex: 18

rFire   + + .      SeeInvis .   g - +∞ Axe of Woe
rCold   x . .      Faith    .   (shield currently unavailable)
rNeg    . . .      Spirit   .   a - +0 robe
rPois   ∞          Reflect  .   (no helmet)
rElec   .          Harm     .   (no cloak)
rCorr   .          Rampage  .   (no gloves)
Will    ++...      NoTele   +   (boots unavailable)
Stlth   ++++++++++              (no amulet)
HPRegen 0.40/turn               (no ring)
MPRegen 0.00/turn               (no ring)

@: flying, slowed, heavily drained, very slow
A: sickness immunity, fire resistance 2, cold vulnerability 1, float, innate
caster, HP casting, extra vitality 1
a: Renounce Religion, Minor Destruction, Lesser Servant of Makhleb, Major
Destruction, Greater Servant of Makhleb


You were in the Dungeon.
You worshipped Makhleb.
Makhleb was exalted by your worship.
You visited 1 branch

Inventory:

Hand Weapons
 g - the +∞ Axe of Woe (weapon)
   (You found it in the Dungeon)
Armour
 a - a +0 robe (worn)
Scrolls
 f - a scroll of blinking
Potions
 b - a potion of curing
 c - a potion of heal wounds
 d - a potion of haste
 e - a potion of berserk rage


   Skills:
 O Level 27 Fighting
 O Level 27 Short Blades
 O Level 27 Long Blades
 O Level 27 Axes
 O Level 27 Maces & Flails
 O Level 27 Polearms
 O Level 27 Staves
 O Level 27 Slings
 O Level 27 Bows
 O Level 27 Crossbows
 O Level 27 Throwing
 O Level 27 Armour
 O Level 27 Dodging
 O Level 27 Stealth
 O Level 27 Shields
 O Level 27 Unarmed Combat
 O Level 27 Spellcasting
 O Level 27 Invocations
 O Level 27 Evocations


You had 11 spell levels left.
You knew the following spells:

 Your Spells              Type           Power      Damage    Failure   Level
a - Apportation           Tloc           100%       N/A       0%          1
b - Call Imp              Summ           82%        N/A       0%          2
c - Static Discharge      Conj/Air       82%        N/A       0%          2
d - Inner Flame           Hex/Fire       82%        N/A       0%          3
e - Metabolic Englaciati  Hex/Ice        41%        N/A       0%          5
f - Manifold Assault      Tloc           82%        N/A       0%          5
g - Dispersal             Tloc           41%        N/A       0%          6
h - Simulacrum            Ice/Necr       41%        N/A       0%          6
i - Ozocubu's Refrigerat  Ice            41%        4d13      1%          7
j - Borgnjor's Revivific  Necr           41%        N/A       1%          8
k - Enfeeble              Hex            41%        N/A       1%          7
l - Lehudib's Crystal Sp  Conj/Erth      41%        10d10     1%          8
m - Death's Door          Necr           41%        N/A       2%          9
Your spell library was empty.

Dungeon Overview and Level Annotations

Branches:
Dungeon (1/1)

Altars:
Makhleb


Innate Abilities, Weirdness & Mutations

You are immune to sickness and miasma.
You are immune to poison.
Your flesh is very heat resistant. (rF++)
You are vulnerable to cold. (rC-)
You float through the air rather than walking.
You learn spells naturally, not from books.
Your magical power is your life essence.
You have superior vitality. (+4 MHP)


Message History

You hear a shout!
The tyrant shouts!
Unknown command.
Casting: Manifold Assault (safe; 0% risk of failure)
Confirm with . or Enter, or press ? or * to list all spells.
Space momentarily warps into an impossible shape!
The large bag of meat shouts in stereo!
You slash the bag of meat!
You cleave the bag of meat in twain.
You kill the bag of meat!
Makhleb accepts your kill.
You feel better.
You slice the meat beast!!
You slaughter the meat beast joyfully.
You kill the meat beast!
Makhleb accepts your kill.
You feel better.
You slice the accursed!!
You slaughter the accursed joyfully.
You destroy the accursed!
Makhleb accepts your kill.
You feel better.
You hit the tyrant.
You cleave the tyrant in twain.
You destroy the tyrant!
Makhleb accepts your kill.
You feel better.
You feel extremely nervous for a moment...
You are engulfed in negative energy!
You feel weakened.
You hear a shout! x3
A meat berserker comes into view. It is wielding a +9 battleaxe.
The meat berserker hits you with a +9 battleaxe!!!
The dread calls on the powers of darkness!
The meat berserker convulses!
The bag of meat convulses!
The meat berserker convulses!
Your body is wracked with pain!
* * * LOW HITPOINT WARNING * * *
You hear a shout! x2
A bag of meat comes into view. It is wielding a +9 war axe.
A bolt of negative energy appears from out of thin air!
The bolt of negative energy misses you.
The bolt of negative energy hits something.
A destroyer comes into view. It is wielding a +9 vorpal great sword.
The meat berserker rages.
A bolt of negative energy appears from out of thin air!
The bolt of negative energy hits you!!!
You feel drained.
You die... ..........
VW.........

)O).....) #.....
.# 2. #o).. ).#
..)###... ).###)
..).....###...)))
#....)o..{....Oo.
......#O@.).#....
..... #_.<)_# .
.... #..)..# #..
..){._).)).
..)....)###....))
. )###.). ))###.
#... ..# #). ..#
)) ))


You could see a destroyer (wandering), a large bag of meat (inner flame), a
dread, 2 meat berserkers and 3 bags of meat.

Vanquished Creatures
  4 hell beasts (D)
  4 royal mummies (D)
  A wraith (D)
  9 vampire knights (D)
  28 ogres (D)
  3 two-headed ogres (D)
  3 liches (D)
  2 hydras (D)
  36 orcs (D)
  A phantom (D)
  2 skeletal warriors (D)
93 creatures vanquished.

Notes
Turn   | Place    | Note
-------+----------+-------------------------------------------
     0 | D        | Found the +∞ Axe of Woe
     0 | D        | Zeld the Djinni Monk began the quest for the Orb.
     0 | D        | Reached XP level 1. HP: 20/20 MP: 0/0
     3 | D        | Noticed a meat berserker
     4 | D        | Became a worshipper of Makhleb the Destroyer
     4 | D        | Reached * piety under Makhleb
     4 | D        | Reached ** piety under Makhleb
     4 | D        | Noticed a bag of meat
     6 | D        | Noticed a meat berserker
     6 | D        | Noticed a bag of meat
     7 | D        | Killed a meat berserker
     7 | D        | Noticed a bag of meat
     7 | D        | Noticed a meat berserker
     8 | D        | Reached skill level 15 in Fighting
     8 | D        | Reached skill level 15 in Dodging
     8 | D        | Reached skill level 10 in Spellcasting
     8 | D        | Reached XP level 2. HP: 43/43 MP: 0/0
     8 | D        | Reached XP level 3. HP: 49/49 MP: 0/0
     8 | D        | Learned a level 1 spell: Apportation
     8 | D        | Reached XP level 4. HP: 55/55 MP: 0/0
     8 | D        | Reached XP level 5. HP: 60/60 MP: 0/0
     8 | D        | Learned a level 2 spell: Call Imp
     8 | D        | Reached XP level 6. HP: 67/67 MP: 0/0
     8 | D        | Reached XP level 7. HP: 72/72 MP: 0/0
     8 | D        | Learned a level 2 spell: Static Discharge
     8 | D        | Reached XP level 8. HP: 78/78 MP: 0/0
     8 | D        | Reached XP level 9. HP: 84/84 MP: 0/0
     8 | D        | Learned a level 3 spell: Inner Flame
     8 | D        | Reached XP level 10. HP: 90/90 MP: 0/0
     8 | D        | Reached XP level 11. HP: 95/95 MP: 0/0
     8 | D        | Learned a level 5 spell: Metabolic Englaciation
     8 | D        | Reached XP level 12. HP: 102/102 MP: 0/0
     9 | D        | Killed a meat berserker
     9 | D        | Noticed a meat berserker
     9 | D        | Noticed a bag of meat
     9 | D        | Noticed a bag of meat
    10 | D        | Reached XP level 13. HP: 73/112 MP: 0/0
    10 | D        | Learned a level 5 spell: Manifold Assault
    10 | D        | Killed a meat berserker
    10 | D        | Reached *** piety under Makhleb
    10 | D        | Noticed a bag of meat
    11 | D        | Reached XP level 14. HP: 108/123 MP: 0/0
    11 | D        | Killed a bag of meat
    11 | D        | Killed a bag of meat
    11 | D        | Killed a bag of meat
    11 | D        | Noticed a meat berserker
    11 | D        | Noticed a meat berserker
    12 | D        | Reached skill level 15 in Axes
    12 | D        | Reached XP level 15. HP: 133/133 MP: 0/0
    12 | D        | Learned a level 6 spell: Dispersal
    12 | D        | Killed a meat berserker
    12 | D        | Reached **** piety under Makhleb
    12 | D        | Killed a meat berserker
    12 | D        | Noticed a meat berserker
    13 | D        | Reached XP level 16. HP: 145/145 MP: 0/0
    13 | D        | Reached ***** piety under Makhleb
    13 | D        | Killed a meat berserker
    13 | D        | Killed a meat berserker
    14 | D        | Reached XP level 17. HP: 156/156 MP: 0/0
    14 | D        | Learned a level 6 spell: Simulacrum
    15 | D        | Reached XP level 18. HP: 165/165 MP: 0/0
    15 | D        | Reached ****** piety under Makhleb
    16 | D        | Reached skill level 27 in Dodging
    20 | D        | Noticed a meat berserker
    20 | D        | Noticed a destroyer
    20 | D        | Noticed a meat berserker
    20 | D        | Noticed a large bag of meat
    21 | D        | Killed a meat berserker
    21 | D        | Killed a meat berserker
    21 | D        | Killed a destroyer
    21 | D        | Noticed a large bag of meat
    22 | D        | Reached skill level 27 in Fighting
    22 | D        | Reached skill level 27 in Axes
    22 | D        | Reached XP level 19. HP: 174/174 MP: 0/0
    22 | D        | Learned a level 7 spell: Ozocubu's Refrigeration
    23 | D        | Killed a large bag of meat
    23 | D        | Killed a large bag of meat
    24 | D        | Reached skill level 27 in Invocations
    24 | D        | Reached XP level 20. HP: 181/181 MP: 0/0
    25 | D        | Reached skill level 27 in Spellcasting
    25 | D        | Noticed a meat berserker
    25 | D        | Noticed a destroyer
    26 | D        | Reached skill level 5 in Short Blades
    26 | D        | Reached skill level 5 in Long Blades
    26 | D        | Reached skill level 5 in Maces & Flails
    26 | D        | Reached skill level 5 in Polearms
    26 | D        | Reached skill level 5 in Staves
    26 | D        | Reached skill level 5 in Armour
    26 | D        | Reached skill level 5 in Shields
    26 | D        | Reached skill level 5 in Evocations
    26 | D        | Killed a meat berserker
    26 | D        | Killed a destroyer
    26 | D        | Noticed a large bag of meat
    26 | D        | Noticed a meat berserker
    27 | D        | Reached XP level 21. HP: 187/187 MP: 0/0
    27 | D        | Learned a level 8 spell: Borgnjor's Revivification
    27 | D        | Killed a meat berserker
    27 | D        | Killed a large bag of meat
    28 | D        | Reached skill level 10 in Maces & Flails
    28 | D        | Reached skill level 10 in Polearms
    28 | D        | Reached skill level 10 in Staves
    28 | D        | Noticed a meat berserker
    29 | D        | Reached skill level 10 in Slings
    29 | D        | Reached skill level 10 in Bows
    29 | D        | Reached skill level 10 in Crossbows
    29 | D        | Reached skill level 10 in Throwing
    29 | D        | Reached XP level 22. HP: 189/194 MP: 0/0
    29 | D        | Killed a meat berserker
    29 | D        | Noticed a destroyer
    30 | D        | Killed a destroyer
    30 | D        | Noticed an eight-headed meat hydra
    31 | D        | Reached skill level 15 in Armour
    31 | D        | Reached skill level 15 in Shields
    31 | D        | Reached skill level 15 in Evocations
    31 | D        | Noticed a destroyer
    32 | D        | Reached skill level 15 in Short Blades
    32 | D        | Reached skill level 15 in Long Blades
    32 | D        | Reached XP level 23. HP: 201/201 MP: 0/0
    32 | D        | Learned a level 7 spell: Enfeeble
    32 | D        | Killed a destroyer
    32 | D        | Noticed a destroyer
    33 | D        | Reached skill level 15 in Maces & Flails
    33 | D        | Reached skill level 15 in Polearms
    33 | D        | Reached skill level 15 in Staves
    33 | D        | Killed a destroyer
    34 | D        | Reached skill level 15 in Slings
    34 | D        | Reached skill level 15 in Bows
    34 | D        | Reached skill level 15 in Crossbows
    34 | D        | Reached skill level 15 in Throwing
    34 | D        | Reached XP level 24. HP: 208/208 MP: 0/0
    35 | D        | Noticed a destroyer
    36 | D        | Killed a destroyer
    37 | D        | Noticed a destroyer
    38 | D        | Killed a destroyer
    41 | D        | Reached XP level 25. HP: 214/214 MP: 0/0
    41 | D        | Learned a level 8 spell: Lehudib's Crystal Spear
    41 | D        | Noticed a destroyer
    42 | D        | Killed a destroyer
    43 | D        | Noticed a destroyer
    44 | D        | Killed a destroyer
    50 | D        | Noticed an accursed
    51 | D        | Reached XP level 26. HP: 221/221 MP: 0/0
    51 | D        | Killed an accursed
    52 | D        | Noticed a tyrant
    53 | D        | Killed a tyrant
    56 | D        | Noticed an accursed
    57 | D        | Killed an accursed
    58 | D        | Reached XP level 27. HP: 228/228 MP: 0/0
    58 | D        | Learned a level 9 spell: Death's Door
    59 | D        | Noticed a meat beast
    60 | D        | Killed a meat beast
    66 | D        | Noticed a meat beast
    68 | D        | Killed a meat beast
    69 | D        | Reached skill level 27 in Armour
    69 | D        | Reached skill level 27 in Shields
    69 | D        | Reached skill level 27 in Evocations
    69 | D        | Noticed a dread
    70 | D        | Reached skill level 27 in Short Blades
    70 | D        | Reached skill level 27 in Long Blades
    70 | D        | Killed a dread
    71 | D        | Reached skill level 27 in Staves
    73 | D        | Reached skill level 27 in Maces & Flails
    73 | D        | Reached skill level 27 in Polearms
    73 | D        | Reached skill level 27 in Slings
    73 | D        | Reached skill level 27 in Bows
    73 | D        | Reached skill level 27 in Crossbows
    73 | D        | Reached skill level 27 in Throwing
    73 | D        | Noticed a tyrant
    74 | D        | Killed a tyrant
    79 | D        | Noticed a meat beast
    79 | D        | Noticed an accursed
    80 | D        | Killed a meat beast
    80 | D        | Killed an accursed
    81 | D        | Reached skill level 27 in Stealth
    81 | D        | Reached skill level 27 in Unarmed Combat
    82 | D        | Noticed a tyrant
    82 | D        | Noticed a meat beast
    82 | D        | Noticed a dread
    83 | D        | Noticed an accursed
    83 | D        | Noticed a meat beast
    83 | D        | Noticed a large bag of meat
    83 | D        | Noticed a tyrant
    84 | D        | Killed a meat beast
    84 | D        | Killed an accursed
    84 | D        | Killed a tyrant
    84 | D        | Noticed a destroyer
    84 | D        | Killed from afar by a wretched soul

Illustrated notes

Levels and vault maps discovered:
D:        meatsprint

Skill      XL: |  1  2  3  4  5  6  7  8  9 10 11 12 13 14 15 16 17 18 19 20 21 22 23 24 25 26 27 |
---------------+----------------------------------------------------------------------------------+-----
Fighting       | 15 17 19 21 23 25 26 27 | 27.0
Axes           | 11 13 14 15 18 20 22 27 | 27.0
Dodging        | 15 18 19 21 24 25 26 27 | 27.0
Spellcasting   | 10 11 13 14 16 17 18 22 26 27 | 27.0
Invocations    | 12 14 16 18 20 22 23 26 27 | 27.0
Short Blades   | 9 12 15 17 19 21 23 27 | 27.0
Long Blades    | 9 12 15 17 19 21 23 27 | 27.0
Maces & Flails | 8 11 14 16 18 20 22 27 | 27.0
Polearms       | 8 11 14 16 18 20 22 27 | 27.0
Staves         | 8 11 14 16 18 20 22 27 | 27.0
Slings         | 7 10 13 15 17 19 21 27 | 27.0
Bows           | 7 10 13 15 17 19 21 27 | 27.0
Crossbows      | 7 10 13 15 17 19 21 27 | 27.0
Throwing       | 7 10 13 15 17 19 21 27 | 27.0
Armour         | 9 12 15 18 20 22 24 27 | 27.0
Shields        | 9 12 15 18 20 22 24 27 | 27.0
Evocations     | 9 12 15 18 20 22 24 27 | 27.0
Stealth        | 27 | 27.0
Unarmed Combat | 27 | 27.0

Action                   |  1- 3 |  4- 6 |  7- 9 | 10-12 | 13-15 | 16-18 | 19-21 | 22-24 | 25-27 || total
-------------------------+-------+-------+-------+-------+-------+-------+-------+-------+-------++-------
Melee: Executioner's axe |     1 |       |       |     1 |     5 |    12 |    14 |    21 |    37 ||    91
 Cast: Manifold Assault  |       |       |       |       |     1 |     4 |     6 |     9 |    24 ||    44
Armor: Robe              |       |       |       |       |       |       |       |       |     2 ||     2
Dodge: Dodged            |       |       |       |       |       |       |       |       |     3 ||     3
